 Dungeon Sprint DCSS version 0.27.0-65-ge2af304b15 (webtiles) character file.

Game seed: 2700908218457606426

125 ABBCCCDDDD the Covered (level 4, -3/40 HPs)
             Began as a Minotaur Fighter on Aug 18, 2021.
             Slain by a neqoxec (8 damage)
             ... in the Dungeon (Sprint II: "The Violet Keep of Menkaure").
             The game lasted 00:00:17 (33 turns).

ABBCCCDDDD the Covered (Minotaur Fighter)             Turns: 33, Time: 00:00:17

Health: -3/40      AC:  7    Str: 22      XL:     4   Next: 82%
Magic:  2/2        EV:  8    Int:  1 (3)  God:
Gold:   0          SH: 10    Dex:  9      Spells: 3/3 levels left

rFire    . . .     SeeInvis .   a - +0 war axe
rCold    . . .     Faith    .   c - +0 kite shield
rNeg     . . .     Spirit   .   b - +0 scale mail
rPois    .         Reflect  .   (helmet restricted)
rElec    .         Harm     .   (no cloak)
rCorr    .         Rampage  .   (no gloves)
Will     .....     NoTele   +   (no boots)
Stlth    ..........             (no amulet)
HPRegen  0.13/turn              (no ring)
MPRegen  0.08/turn              (no ring)

@: unable to read
A: horns 2, retaliatory headbutt, hooves 1, deterioration 1, dopey 1, frail 1,
low mp 1, inability to read while threatened
a: no special abilities


You were in the Dungeon.
You visited 1 branch

Inventory:

Hand Weapons
 a - a +0 war axe (weapon)
Armour
 b - a +0 scale mail (worn)
 c - a +0 kite shield (worn)
Scrolls
 j - a scroll of blinking
Potions
 d - a potion of might
 e - a potion of curing
 f - a potion of heal wounds
 g - a potion of haste
 h - 2 potions of magic
 i - a potion of berserk rage


   Skills:
 + Level 6.8 Fighting
 + Level 6.2 Axes
 + Level 6.8 Armour
 + Level 6.8 Shields


You had 3 spell levels left.
You didn't know any spells.
Your spell library was empty.

Dungeon Overview and Level Annotations

Branches:
Dungeon (1/1)

Altars:


Innate Abilities, Weirdness & Mutations

You have a pair of horns on your head.
You reflexively headbutt those who attack you in melee.
You have large cloven feet.
Your body sometimes deteriorates upon taking damage.
You are dopey. (Int -2)
You are frail. (-10% HP)
Your magical capacity is low. (-10% MP)
You sometimes lose the ability to read scrolls when taking damage.


Message History

The neqoxec hits you!
You feel threatened and lose the ability to read scrolls!
* * * LOW HITPOINT WARNING * * *
The neqoxec gestures at you.
Strange energies course through your body.
You feel less energetic.
You closely miss the neqoxec. Your kick misses the neqoxec.
Your headbutt misses the neqoxec.
The neqoxec is almost dead.
You block the neqoxec's attack.
You closely miss the neqoxec. You kick the neqoxec, but do no damage.
The neqoxec is almost dead.
The neqoxec hits you but does no damage.
You closely miss the neqoxec. Your headbutt misses the neqoxec.
The neqoxec is almost dead.
The neqoxec hits you.
* * * LOW HITPOINT WARNING * * *
The neqoxec gestures at you.
Strange energies course through your body.
You feel frail.
You completely miss the neqoxec. Your kick misses the neqoxec.
The neqoxec is almost dead.
The neqoxec hits you but does no damage.
You hit the neqoxec. Your headbutt misses the neqoxec.
The neqoxec is almost dead.
You block the neqoxec's attack.
You barely miss the neqoxec. You kick the neqoxec.
The neqoxec is almost dead.
You can read scrolls again.
The neqoxec gestures at you.
You feel dopey. Something feeds on your intellect! The neqoxec gestures at you.
Strange energies course through your body.
You feel stupid.
You completely miss the neqoxec. You kick the neqoxec, but do no damage.
The neqoxec is almost dead.
The neqoxec hits you!
You feel threatened and lose the ability to read scrolls!
You die...

## #.
##.
#3#
##@##
+.<.+
##.##
#+#


You could see a neqoxec.

Levels and vault maps discovered:
D:        the_violet_keep_of_menkaure [sprint2_stairs_cluster_1,
          sprint2_shoproom, sprint2_temple, sprint2_basic_supplies,
          sprint2_obstacle_5, sprint2_obstacle_1, sprint2_obstacle_4,
          sprint2_obstacle_3, sprint2_obstacle_6, sprint2_timed_cluster_1,
          sprint2_smallroom_cluster_1, sprint2_smallroom_final_cluster_1,
          sprint2_transparent_cluster_1, sprint2_second_timed_cluster_1,
          sprint2_sniper_area_1, sprint2_heavy_combat_area_1,
          sprint2_mutation_trap_area_1, sprint2_forest_area_1,
          sprint2_light_combat_area_1, sprint2_behind_water_1,
          sprint2_near_end_vault_1]

Notes
Turn   | Place    | Note
-------+----------+-------------------------------------------
     0 | D        | ABBCCCDDDD the Minotaur Fighter began the quest for the
                  | Orb.
     0 | D        | Reached XP level 1. HP: 19/19 MP: 0/0
     1 | D        | Noticed a neqoxec
     4 | D        | Gained mutation: You have large cloven feet. [a neqoxec]
     5 | D        | Gained mutation: You sometimes lose the ability to read
                  | scrolls when taking damage. [a neqoxec]
     9 | D        | Noticed a neqoxec
    10 | D        | Killed a neqoxec
    10 | D        | Gained mutation: Your body sometimes deteriorates upon
                  | taking damage. [a neqoxec]
    11 | D        | Reached XP level 2. HP: 9/31 MP: 1/1
    11 | D        | Reached XP level 3. HP: 11/38 MP: 2/2
    11 | D        | Reached XP level 4. HP: 14/45 MP: 3/3
    13 | D        | Noticed a neqoxec
    15 | D        | Killed a water moccasin
    26 | D        | Gained mutation: Your magical capacity is low. (-10% MP) [a
                  | neqoxec]
    29 | D        | Gained mutation: You are frail. (-10% HP) [a neqoxec]
    32 | D        | Gained mutation: You are dopey. (Int -2) [a neqoxec]
    33 | D        | Slain by a neqoxec

Table legend: (Time is in decaauts)
 A = Elapsed time spent in this place.
 B = Non-inter-level travel time spent in this place.
 C = Inter-level travel time spent in this place.
 D = Time resting spent in this place.
 E = Time spent auto-exploring this place.
 F = Levels seen in this place.
 G = Mean time per level.
                   A        B        C        D        E       F      G
               +--------+--------+--------+--------+--------+-----+--------+
         Total |     40 |     40 |      0 |      0 |      0 |   1 |   40.0 |
       Dungeon |     40 |     40 |      0 |      0 |      0 |   1 |   40.0 |
               +--------+--------+--------+--------+--------+-----+--------+

Top non-repeatable levels by time:
       D: 40 daAuts

Table legend:
 A = Kills in this place as a percentage of kills in entire the game.
 B = Kills by you in this place as a percentage of kills by you in the entire game.
 C = Kills by friends in this place as a percentage of kills by friends in the entire game.
 D = Other kills in this place as a percentage of other kills in the entire game.
 E = Experience gained in this place as a percentage of experience gained in the entire game.
 F = Experience gained in this place divided by the number of levels of this place that you have seen.
                   A       B       C       D       E      F
               +-------+-------+-------+-------+-------+----------------------
         Total | 100.0 | 100.0 |   N/A |   N/A | 100.0 | 179.0
       Dungeon | 100.0 | 100.0 |   N/A |   N/A | 100.0 | 179.0
               +-------+-------+-------+-------+-------+----------------------

Action                   |  1- 3 |  4- 6 || total
-------------------------+-------+-------++-------
Melee: War axe           |     7 |    10 ||    17
       Kick              |     1 |     4 ||     5
       Headbutt          |       |     2 ||     2
Armor: Scale mail        |     1 |     2 ||     3
Dodge: Dodged            |     1 |       ||     1
Block: Kite shield       |     3 |     2 ||     5

Vanquished Creatures
  A neqoxec (D)
1 creature vanquished.

Vanquished Creatures (others)
  A water moccasin (D)
1 creature vanquished.

Grand Total: 2 creatures vanquished
